AoeStats
← YoYoJin

Arabia

509473699Analyzed
1v1 RM · 5d ago on Sep 26, 2026· 41m 57s· 2 players
Game mode
Random Map
Map size
Tiny (2 player)
Population
200
Speed
Normal
Resources
Standard
Victory
Conquest
Starting age
Dark Age
Ending age
Imperial Age
RankedLock teamsTeams togetherTeam positionsShared explorationLock speedFull tech treeHidden civsTurbo modeCheats
Victory
Defeat
🇷🇺 Tatars · Russia
1313
+15
🇦🇷 Romans · Argentina
1292
-15
Marcox
10:23 Feudal Age
10:43 Man-at-Arms
11:56 Scale Mail Armor
11:49 Loom
12:51 Forging
13:49 Double-Bit Axe
24:36 Castle Age
22:43 Horse Collar
24:16 Fletching
24:43 Gold Mining
25:47 Chain Mail Armor
25:23 Long Swordsman
27:10 Iron Casting
27:26 Heavy Plow
28:10 Pikeman
38:17 Bow Saw
40:16 Ballistics
40:51 Masonry
YoYoJin
6:45 Loom
9:17 Feudal Age
10:03 Double-Bit Axe
11:23 Horse Collar
18:17 Fletching
19:23 Wheelbarrow
23:47 Castle Age
21:51 Gold Mining
23:09 Forging
23:21 Bloodlines
23:21 Scale Barding Armor
25:11 Iron Casting
24:57 Bow Saw
25:45 Husbandry
26:42 Chain Barding Armor
27:17 Heavy Plow
32:20 Ballistics
32:28 Bodkin Arrow
33:13 Padded Archer Armor
33:58 Ballistics
35:22 Hand Cart
35:52 Light Cavalry
36:20 Town Watch
36:54 Leather Archer Armor
37:16 Stone Mining
41:27 Imperial Age
42:34 Gold Shaft Mining
Connection lost

Rejoining the realm…

Still unreachable

The connection could not be restored.

Session expired

The server has moved on; the page needs a fresh start.